 Dungeon Crawl Stone Soup version 0.32-a0-918-g0f22ef8d61 (webtiles) character file.

Game seed: 14215438616151474133

495 Fodor the Covered (level 6, -2/56 HPs)
             Began as a Minotaur Fighter on Apr 11, 2024.
             Slain by a bullfrog (7 damage)
             ... in a sewer.
             The game lasted 00:06:30 (2137 turns).

Fodor the Covered (Minotaur Fighter)                Turns: 2137, Time: 00:06:31

Health: -2/56      AC: 10    Str: 23    XL:     6   Next: 92%
Magic:  5/5        EV:  9    Int:  5    God:
Gold:   186        SH:  0    Dex:  9    Spells: 5/5 levels left

rFire   . . .        o - +0 morningstar
rCold   . . .        l - orb {mayhem}
rNeg    . . .        b - +0 scale mail
rPois   .            (helmet restricted)
rElec   .            f - +2 cloak
rCorr   .            (no gloves)
SInv    .            (no boots)
Will    .....        (no amulet) Stlth
                     (no ring)
HPRegen 0.29/turn    (no ring)
MPRegen 0.09/turn

%: mayhem
@: very slow
A: horns 2, retaliatory headbutt
a: no special abilities


You were in a sewer.
You visited 1 branch of the dungeon, and saw 3 of its levels.
You also visited: Sewer.

You collected 186 gold pieces.

Inventory:

Hand Weapons
 a - a +0 war axe
 o - a +0 morningstar (weapon)
 p - a +2 scythe of protection
Armour
 b - a +0 scale mail (worn)
 c - a +0 buckler
 f - a +2 cloak (worn)
 l - an orb of mayhem (worn)
Talismans
 t - a serpent talisman
Scrolls
 e - 7 scrolls of teleportation {unknown}
 g - 2 scrolls of fear {unknown}
 h - a scroll of identify {unknown}
 i - a scroll of revelation {unknown}
 k - 2 scrolls of amnesia {unknown}
 r - a scroll of silence {unknown}
 s - a scroll of enchant armour {unknown}
 v - a scroll of vulnerability {unknown}
 w - a scroll of blinking {unknown}
Potions
 d - a potion of might
 j - 2 potions of attraction {unknown}
 m - a potion of resistance {unknown}
 n - a potion of berserk rage {unknown}
 q - a potion of curing {unknown}
 u - a potion of heal wounds {unknown}


   Skills:
 + Level 5.0 Fighting
 + Level 5.0(5.7) Axes
 + Level 3.9(5.1) Maces & Flails
 + Level 5.5 Armour
 + Level 1.1 Dodging
 + Level 0.1 Stealth
 + Level 4.3 Shields


You had 5 spell levels left.
You didn't know any spells.
Your spell library was empty.

Dungeon Overview and Level Annotations

Branches:
Dungeon (3/15)              Sewer (1/1)

Altars:


Innate Abilities, Weirdness & Mutations

You have a pair of horns on your head.
You reflexively headbutt those who attack you in melee.


Message History

You kill the dart slug!
The dart slug flies into a frenzy!
Your Fighting skill increases to level 5!
You see here a dart slug corpse.
You puncture the dart slug!
You kill the dart slug!
You see here a dart slug corpse.
Why would you want to do that?
A bullfrog comes into view.
The bullfrog croaks.
A bullfrog comes into view.
The bullfrog hits you but does no damage. x2
The bullfrog barely misses you. You furiously retaliate!
You headbutt the bullfrog!
The bullfrog hits you but does no damage.
Your unstable footing causes you to fumble your attack.
The bullfrog barely misses you. The bullfrog closely misses you. x2
You furiously retaliate!
You headbutt the bullfrog! The bullfrog closely misses you.
You puncture the bullfrog!
You kill the bullfrog!
The bullfrog flies into a frenzy!
The bullfrog hits you. x2
The bullfrog barely misses you.
Your Dodging skill increases to level 1!
The bullfrog hits you. x2; The bullfrog closely misses you.
The bullfrog hits you but does no damage.
The bullfrog hits you. The bullfrog hits you!
The bullfrog hits you but does no damage.
The bullfrog completely misses you. The bullfrog hits you.
The bullfrog hits you! The bullfrog misses you. The bullfrog hits you.
The bullfrog hits you!
* * * LOW HITPOINT WARNING * * *
The bullfrog misses you. The bullfrog barely misses you. The bullfrog hits you.
* * * LOW HITPOINT WARNING * * *
The bullfrog hits you.
* * * LOW HITPOINT WARNING * * *
Your unstable footing causes you to fumble your attack.
The bullfrog hits you but does no damage.
The bullfrog barely misses you. The bullfrog hits you!
You die...

.# ######## #.~≈~.# ~#
###≈≈≈≈≈≈#### #~≈≈~.# ~#
≈≈≈≈≈≈≈≈≈≈≈≈####≈≈≈~.# ~#
≈≈≈≈≈≈≈≈≈≈~≈≈≈##≈≈≈†.# .#
≈≈≈≈≈≈≈≈≈.∩~~≈≈#≈≈≈~.# ~#
≈≈≈~~.≈≈~..~≈≈≈≈≈≈≈~~# ~#
≈≈~..?}~.~~~≈≈†≈≈~≈†~# ~#
#≈≈≈≈≈≈.??(F~.~≈≈~≈~~~≈~~# ~#
#≈≈≈≈≈≈≈~?.~@.≈≈~≈≈≈~~≈~~# .#
#≈≈≈≈≈≈≈≈.~~~~†~≈≈≈~~~≈~~# .#
#≈≈~≈≈≈≈≈≈~~~~≈≈≈≈~~~≈~~# ~#
#≈≈≈~≈≈≈≈≈≈≈≈≈≈≈≈≈~.~≈~~#
~#######~≈≈≈≈≈≈≈~~≈≈≈≈≈~.~≈~.#
~~~.........~~≈~≈≈~~~~..~~≈~.#
~~~~~~~~~~~~~~~≈~~≈≈≈~~~~≈≈~.#
≈≈≈≈≈≈≈≈≈≈≈≈≈≈≈≈≈≈≈≈≈≈≈≈≈≈~~.#
††~~~~~~~÷~~~~~~~÷~~÷~~~~~~..#


You could see a neutral bullfrog (fast, strong, frenzied).

Vanquished Creatures
  Sigmund (D:2)
  A bullfrog (Sewer)
  Natasha (thrice) (D:2)
  12 adders
  4 dart slugs
  4 ribbon worms
  6 bats
  3 endoplasms
  7 giant cockroaches
  8 hobgoblins
  3 kobolds
  A quokka (D:2)
  7 ball pythons
  11 frilled lizards
  5 goblins (D:1)
  6 rats
82 creatures vanquished.

Vanquished Creatures (collateral kills)
  4 dart slugs (Sewer)
  2 giant cockroaches (Sewer)
  5 frilled lizards (Sewer)
11 creatures vanquished.

Grand Total: 93 creatures vanquished

Notes
Turn   | Place    | Note
-------+----------+-------------------------------------------
     0 | D:1      | Fodor the Minotaur Fighter began the quest for the Orb.
     0 | D:1      | Reached XP level 1. HP: 19/19 MP: 0/0
   154 | D:1      | Reached XP level 2. HP: 27/27 MP: 1/1
   425 | D:1      | Found a faded altar of an unknown god.
   568 | D:2      | Noticed Natasha
   574 | D:2      | Reached XP level 3. HP: 33/33 MP: 2/2
   575 | D:2      | Killed Natasha
   596 | D:2      | Noticed Natasha
   600 | D:2      | Killed Natasha
   601 | D:2      | Reached XP level 4. HP: 40/40 MP: 3/3
   995 | D:2      | Noticed Sigmund
  1006 | D:2      | Killed Sigmund
  1007 | D:2      | Reached skill level 5 in Axes
  1007 | D:2      | Reached skill level 1 in Maces & Flails
  1007 | D:2      | Reached XP level 5. HP: 41/47 MP: 4/4
  1007 | D:2      | Reached XP level 6. HP: 48/55 MP: 5/5
  1288 | D:2      | Reached skill level 5 in Armour
  1331 | D:2      | Noticed Natasha
  1339 | D:2      | Killed Natasha
  1912 | D:3      | Found a glowing drain.
  1923 | Sewer    | Entered a sewer
  2120 | Sewer    | Reached skill level 5 in Fighting
  2132 | Sewer    | Reached skill level 1 in Dodging
  2137 | Sewer    | Slain by a bullfrog

Illustrated notes

Levels and vault maps discovered:
D:1:      evilmike_arrival_plus, layout_rooms, shapermc_ecumenical_altar_ellora,
          serial_forest, infiniplex_forest_lined_2, infiniplex_forest_pool,
          infiniplex_forest_clump_C, infiniplex_forest_clump_double,
          infiniplex_forest_clump_medium, infiniplex_forest_lined_room_,
          infiniplex_forest_end_1, infiniplex_forest_straight_4
D:2:      minmay_general_purpose_star, layout_loops_ring, minmay_tromino_mix6,
          uniq_natasha, uniq_sigmund
D:3:      layout_basic, portal_sewer_entry_d, grunt_ministairs_10
Sewer:    sewer_frog_island_01

Skill      XL: |  1  2  3  4  5  6 |
---------------+-------------------+-----
Armour         | 4 5 |  5.5
Shields        | 4 |  4.3
Fighting       | 4 5 |  5.0
Axes           | 3 5 |  5.0
Maces & Flails | 1 3 |  3.9
Dodging        | 1 |  1.1
Stealth        | |  0.1

Action                     |  1- 3 |  4- 6 || total
---------------------------+-------+-------++-------
  Melee: War axe           |    46 |    35 ||    81
         Headbutt          |     5 |    18 ||    23
         Morningstar       |       |   126 ||   126
 Armour: Scale mail        |    29 |   230 ||   259
  Dodge: Dodged            |    24 |   153 ||   177
  Block: Buckler           |     7 |     1 ||     8

Table legend: (Time is in decaauts)
 A = Elapsed time spent in this place.
 B = Non-inter-level travel time spent in this place.
 C = Inter-level travel time spent in this place.
 D = Time resting spent in this place.
 E = Time spent auto-exploring this place.
 F = Levels seen in this place.
 G = Mean time per level.
                   A        B        C        D        E       F      G
               +--------+--------+--------+--------+--------+-----+--------+
         Total |   2277 |   2206 |     71 |    121 |   1052 |   4 |  569.2 |
       Dungeon |   1977 |   1906 |     71 |    121 |   1052 |   3 |  659.0 |
         Sewer |    300 |    300 |      0 |      0 |      0 |   1 |  300.0 |
               +--------+--------+--------+--------+--------+-----+--------+

Top non-repeatable levels by time:
     D:2: 1126 daAuts
     D:1: 578 daAuts
   Sewer: 300 daAuts
     D:3: 272 daAuts
